← All builds
Tech / Armada / Economy first / OBSERVED BUILD

Standard tech

Armada Tech (Eco) build order · Supreme Isthmus

Rushes T2 factory and Advanced Metal Extractor while sending the first T2 constructor to Geo, scaling team eco and mex upgrades through the full 15 minutes.

Usually first T2 con to Geo (84%)

#eco #t2 #team support · 901 distinct matches · 120 players · 60% of Armada Tech games · team won 53% of 1034 · Recently observed

HOW TO PLAY IT

Key timing: T2 factory by 4:15

  1. Open mex and wind, start bot lab right away.
  2. Get bot lab up and begin feeding early cons.
  3. Start advanced bot lab to rush T2 factory.
  4. Finish T2 factory and push advanced metal extractor by 5:29.
  5. Build Citadel, Platypus and Umbrella as anti-nuke defence transition.

Phase by phase

TYPICAL OF ITS 901 GAMES
  1. 1
  2. 2
  3. 3
  4. 4
PLAY THE OPENING

Follow the example game's first 6:00 step by step: what to build now, what comes next, and where it goes. At 1× it keeps pace with your own game.

  1. 1

    Up to the Bot Lab

    Economy
    • Metal Extractor3Mex
    • Wind Turbine4Wind
    Order
    1. Bot LabBot Lab after 3 mex, 4 winddone ~1:17, middle half 1:13–1:31

    By 1:01 in all: 3 mex · 4 wind

    The example game in this phase · 3 steps
    1. Mex ×3
    2. Wind ×4
    3. Bot LabBot Labdone 1:15 · typical 1:17
  2. 2

    Bot Lab to Advanced Bot Lab

    Economy
    • Metal Extractor1Mex
    • Wind Turbine8Wind
    • Energy Storage1Energy storage
    Order
    1. Advanced Bot LabAdvanced Bot Lab after 4 mex, 12 wind, 3 con turretdone ~4:15, middle half 4:04–4:28
    Builders
    • Construction Turret3 Con turret
    • Lazarus3 Lazarus
    • Construction Bot2 Con bot
    • Construction Bot1 Con bot for allies

    Some games also: converter (35%)

    By 3:19 in all: 4 mex · 12 wind · 1 energy storage · 3 con turret

    The example game in this phase · 10 steps
    1. LazarusLazarus ×3
    2. Construction BotCon bot ×3
    3. LazarusLazarus
    4. Energy storage
    5. Mex
    6. LazarusLazarus
    7. Con turret
    8. Bot LabEat Bot Labreclaimed for its metal
    9. Con turret
    10. Advanced Bot LabAdvanced Bot Labdone 3:51 · typical 4:15
  3. 3

    Advanced Bot Lab to 5:00

    Economy
    • Wind Turbine2Wind
    Order
    1. Bot LabEat Bot Lab
    Builders
    • Advanced Construction Bot1 T2 con bot for allies

    Some games also: converter (35%)

    By 5:00 in all: 4 mex · 15 wind · 2 converter · 1 energy storage · 3 con turret

    The example game in this phase · 3 steps
    1. Advanced Construction BotT2 con botfor Geo
    2. GunslingerGunslingerfor Ponddone 4:39
    3. Advanced Construction BotT2 con botfor Air
  4. 4

    5:00 to 10:00

    Economy
    • Wind Turbine44Wind
    • Energy Converter6Converter
    Builders
    • Butler8 Butler
    • Advanced Construction Bot4 T2 con bot for allies
    • Advanced Construction Bot1 T2 con bot

    Some games also: con turret (49%) · Butler for allies (37%)

    By 10:00 in all: 4 mex · 59 wind · 8 converter · 1 energy storage · 3 con turret

    The example game in this phase · 174 steps
    1. Advanced Metal ExtractorT2 mex ×3done 5:44 · typical 5:29
    2. Wind
    3. Advanced Construction BotT2 con botfor Geo sea
    4. Wind ×7
    5. Advanced Construction BotT2 con botfor Pond
    6. Wind
    7. Con turret
    8. Advanced Construction BotT2 con botfor Beach sea
    9. Wind ×2
    10. Advanced Construction BotT2 con bot
    11. Wind ×2
    12. ButlerButlerfor Beach sea
    13. Wind ×2
    14. ButlerButlerfor Beach sea
    15. Wind
    16. ButlerButler
    17. Wind
    18. ButlerButler
    19. Wind
    20. ButlerButler
    21. Wind
    22. ButlerButler
    23. Advanced Metal ExtractorT2 mex
    24. Wind ×3
    25. Con turret ×2
    26. Wind
    27. Con turret
    28. Wind ×4
    29. Metal storage
    30. Wind
    31. Converter
    32. Wind
    33. Converter
    34. Advanced Bot LabEat Advanced Bot Labreclaimed for its metal
    35. Fusion ReactorFusiondone 10:12
    36. Wind ×2
    37. Converter ×4
    38. Wind ×2
    39. Con turret
    40. Converter ×2
    41. Con turret
    42. Converter
    43. Con turret
    44. Converter
    45. Wind ×2
    46. Converter ×3
    47. Wind
    48. Fusion ReactorFusion
    49. Wind ×2
    50. Converter ×7
    51. Wind ×2
    52. Converter ×9
    53. Wind
    54. Converter ×2
    55. Wind ×2
    56. Fusion ReactorFusion
    57. Wind
    58. Converter ×3
    59. Wind
    60. Converter ×7
    61. Wind
    62. Converter ×2
    63. Wind
    64. Converter ×9
    65. Wind
    66. Converter ×5
    67. Wind
    68. Con turret
    69. Converter
    70. Con turret
    71. Converter ×2
    72. Con turret
    73. Converter
    74. Vehicle PlantVehicle Plantdone 12:22
    75. Converter
    76. TracerTracer
    77. Converter
    78. BlitzBlitz
    79. Wind
    80. Converter ×5
    81. BlitzBlitz
    82. Converter
    83. BlitzBlitz ×2
    84. Converter ×2
    85. BlitzBlitz ×2
    86. Converter
    87. BlitzBlitz
    88. Converter ×2
    89. BlitzBlitz
    90. Advanced Fusion ReactorAdvanced Fusion Reactornot finished by 15:00
    91. BlitzBlitz
    92. Converter
    93. Vehicle PlantEat Vehicle Plantreclaimed for its metal
    94. Converter
    95. Wind
    96. Converter ×4
    97. Vehicle PlantVehicle Plantdone 13:11
    98. Converter ×3
    99. Con turret
    100. Wind
    101. Converter ×2
    102. Con turret
    103. Converter
    104. Con turret
    105. BlitzBlitz
    106. Con turret
    107. Converter ×2
    108. Con turret
    109. BlitzBlitz
    110. Converter ×2
    111. Con turret
    112. Vehicle PlantVehicle Plantdone 13:31
    113. Converter
    114. BlitzBlitz
    115. Converter
    116. Wind
    117. Converter
    118. BlitzBlitz ×4
    119. Converter ×3
    120. BlitzBlitz
    121. Converter
    122. BlitzBlitz ×3
    123. Converter
    124. BlitzBlitz ×4
    125. Converter ×2
    126. BlitzBlitz ×3
    127. Converter
    128. BlitzBlitz
    129. Converter
    130. Wind
    131. BlitzBlitz ×4
    132. Converter
    133. BlitzBlitz ×3
    134. Converter ×2
    135. BlitzBlitz ×6
    136. Converter
    137. BlitzBlitz
    138. Converter
    139. BlitzBlitz
    140. Converter
    141. BlitzBlitz ×3
    142. Converter
    143. BlitzBlitz ×2
    144. Wind
    145. BlitzBlitz ×3
    146. Converter
    147. BlitzBlitz
    148. Converter
    149. BlitzBlitz ×4
    150. Converter ×2
    151. BlitzBlitz ×2
    152. Converter
    153. BlitzBlitz
    154. Converter
    155. BlitzBlitz
    156. Converter
    157. BlitzBlitz ×4
    158. Converter ×2
    159. BlitzBlitz
    160. Converter
    161. BlitzBlitz ×4
    162. Converter
    163. BlitzBlitz
    164. Converter ×2
    165. BlitzBlitz
    166. Converter
    167. BlitzBlitz ×3
    168. Converter
    169. BlitzBlitz
    170. Converter
    171. BlitzBlitz
    172. Converter
    173. BlitzBlitz ×2
    174. Converter

Counts are medians over the build's games: half of them build more, half fewer. The example game is WashedGamuer's (41 OS, 08/10/2026); pick another.

Team trades

IN AT LEAST 30% OF ITS GAMES

You hand over

  • Construction Bot1 Con bot to Airfirst at 2:22 · in 87% of games
  • Advanced Construction Bot5 T2 con bot to Air or Geo sea or Pondfirst at 4:48 · in 99% of games
  • Sharpshooter2 Sniper bot to Pondfirst at 5:23 · in 32% of games
  • Butler2 Butler to Geo sea or Beach sea or Pondfirst at 9:05 · in 42% of games

You get

  • Hercules1 Light transport from Airfirst at 4:00 · in 85% of games

How it plays out

Typical game of this build, running totals by minute

Metal produced

020k40k
0:005:0010:0015:00

metal

Enemy metal destroyed

0100200300
0:005:0010:0015:00

metal

Own metal lost

0100200300
0:005:0010:0015:00

metal

1034 games.

Show as table
ByMetal produced: This buildEnemy metal destroyed: This buildOwn metal lost: This build
1:0038300
2:0091600
3:00164500
4:00316200
5:00486400
6:00580800
7:00723600
8:00911000
9:001125000
10:001358800
11:001643300
12:001999100
13:002375900
14:00276067381
15:0031704295204
WHAT THE NUMBERS SAY

This is the role's textbook T2 rush, posting the highest metal production of any build shown (31617 by 15:00) with almost no early losses.

  • + T2 factory done by 4:15 in 97% of games, extremely consistent.
  • + Own metal lost is only 228 by 15:00, near untouched economy.
  • − Team win rate is the lowest of all builds shown at 53%, fast eco alone doesn't decide games.
THE EXAMPLE YOU ARE READING

WashedGamuer

40.6 OS · 08/10/2026

Open source match ↗

4 received units
3293 metal received · 101617 energy received

Allied construction assistance is unknown. Timings are observations, not a promise of solo reproducibility.

Typical milestones

Bot Lab1:17Middle 50%: 1:13–1:31 · n=1034
Advanced Bot Lab4:15Middle 50%: 4:04–4:28 · n=1028
Advanced Metal Extractor5:29Middle 50%: 5:06–5:59 · n=1032

Played most by

Amrissa100games of this buildKOT_45games of this buildSyphos42games of this buildAdeus39games of this buildWashedGamuer39games of this build